NYP
MAHONING VALLEY SCRAPPERS @ MINNESOTA (NYP) TWINS
08/30/2046
 
TOP OF THE 1ST
Mahoning Valley Scrappers batting - Pitching for Minnesota (NYP) Twins : RHP Ruben Requena
Pitching: RHP Ruben Requena
Batting: RHB Reynaldo Herrera 0-0: Ball
1-0: Ground out 5-3 (Groundball, 56S, EV 67.5 MPH)
Batting: RHB Andy Lewis 0-0: Ball
1-0: Ball
2-0: Foul Ball, location: 2F
2-1: Ball
3-1: Foul Ball, location: 2F
3-2: Strikes out swinging
Batting: RHB Harris Leroux 0-0: Ball
1-0: Called Strike
1-1: Foul Ball, location: 2F
1-2: Strikes out swinging
Top of the 1st over - 0 runs, 0 hits, 0 errors, 0 left on base; Mahoning Valley 0 - Minnesota (NYP) 0
BOTTOM OF THE 1ST
Minnesota (NYP) Twins batting - Pitching for Mahoning Valley Scrappers : RHP Jose Esteban
Pitching: RHP Jose Esteban
Batting: RHB John Dew 0-0: Called Strike
0-1: Swinging Strike
0-2: Ball
1-2: Ball
2-2: Ball
3-2: SINGLE (Line Drive, 4M, EV 100.0 MPH)
Batting: SHB Manny Molina 0-0: Ball
1-0: Reached on error, E5 (Groundball, 56D, EV 80.6 MPH)
John Dew to second
Batting: RHB Michael McDonald 0-0: Called Strike
0-1: Ball
1-1: Ball
2-1: Ball
3-1: Fly out, F7 (Flyball, 7D, EV 97.5 MPH)
Batting: LHB Kuemon Shishido 0-0: Foul Ball, location: 2F
0-1: Swinging Strike
0-2: Strikes out looking
Batting: RHB Leo Gonzalez 0-0: Ball
1-0: Swinging Strike
1-1: Ball
2-1: Foul Ball, location: 2F
2-2: Foul Ball, location: 2F
2-2: Fly out, F7 (Flyball, 78S, EV 90.6 MPH)
Bottom of the 1st over - 0 runs, 1 hit, 1 error, 2 left on base; Mahoning Valley 0 - Minnesota (NYP) 0
TOP OF THE 2ND
Mahoning Valley Scrappers batting - Pitching for Minnesota (NYP) Twins : RHP Ruben Requena
Batting: LHB Justin Rankin 0-0: Ball
1-0: Foul Ball, location: 2F
1-1: SINGLE (Groundball, 6MD, EV 96.9 MPH)
Batting: RHB Luis Roman 0-0: Ball
1-0: Foul Ball, location: 2F
1-1: Ball
2-1: Foul Ball, location: 2F
2-2: SINGLE (Groundball, 4D, EV 104.4 MPH)
Justin Rankin to second
Runner from 2nd tries for 3rd, SAFE, throw by RF made to third
Batting: LHB Esteban Cordova 0-0: Foul Ball, location: 2F
0-1: Ball
1-1: Foul Ball, location: 2F
1-2: Ball
2-2: Strikes out looking
Batting: RHB Tsega Haida 0-0: Ball
1-0: Ball
Passed Ball!
Justin Rankin scores
Luis Roman to second
2-0: Ball
3-0: Base on Balls
Batting: RHB Carlos Munos 0-0: Foul Ball, location: 2F
0-1: Foul Ball, location: 2F
0-2: Ball
1-2: Foul Ball, location: 2F
1-2: Fly out, F4 (Popup, 34S, EV 79.4 MPH)
Batting: SHB Darius Vinson 0-0: Called Strike
0-1: Ball
1-1: SINGLE (Flyball, 4MD, EV 83.1 MPH)
Luis Roman to third
Tsega Haida to second
Runner from 3rd tries for Home, SAFE, throw by CF to home
Batting: RHB Reynaldo Herrera 0-0: Ball
1-0: Ball
2-0: Swinging Strike
2-1: Called Strike
2-2: Strikes out swinging
Top of the 2nd over - 2 runs, 3 hits, 0 errors, 2 left on base; Mahoning Valley 2 - Minnesota (NYP) 0
BOTTOM OF THE 2ND
Minnesota (NYP) Twins batting - Pitching for Mahoning Valley Scrappers : RHP Jose Esteban
Batting: RHB David Nardone 0-0: Called Strike
0-1: Ball
1-1: Foul Ball, location: 2F
1-2: SINGLE (Groundball, 4D, EV 95.0 MPH)
Batting: RHB Nick Phipps 0-0: Called Strike
David Nardone steals 2nd base
0-1: DOUBLE (Flyball, 78D, EV 108.1 MPH)
David Nardone scores
Batting: RHB Dave Berry 0-0: Ground out 5-3 (Groundball, 56, EV 91.9 MPH)
Batting: RHB Antonio Santos 0-0: Ball
1-0: Ball
2-0: Ball
3-0: Called Strike
3-1: Swinging Strike
3-2: Strikes out swinging
Batting: RHB John Dew 0-0: Ball
1-0: Called Strike
1-1: Swinging Strike
1-2: Ball
2-2: Ball
3-2: Ground out 6-3 (Groundball, 6, EV 87.5 MPH)
Bottom of the 2nd over - 1 run, 2 hits, 0 errors, 1 left on base; Mahoning Valley 2 - Minnesota (NYP) 1
TOP OF THE 3RD
Mahoning Valley Scrappers batting - Pitching for Minnesota (NYP) Twins : RHP Ruben Requena
Batting: RHB Andy Lewis 0-0: Called Strike
0-1: Ball
1-1: Fly out, F9 (Flyball, 89D, EV 95.0 MPH)
Batting: RHB Harris Leroux 0-0: Ball
1-0: Ground out 6-3 (Groundball, 6, EV 87.5 MPH)
Batting: LHB Justin Rankin 0-0: Ball
1-0: Swinging Strike
1-1: Called Strike
1-2: Strikes out swinging
Top of the 3rd over - 0 runs, 0 hits, 0 errors, 0 left on base; Mahoning Valley 2 - Minnesota (NYP) 1
BOTTOM OF THE 3RD
Minnesota (NYP) Twins batting - Pitching for Mahoning Valley Scrappers : RHP Jose Esteban
Batting: SHB Manny Molina 0-0: Ball
1-0: Swinging Strike
1-1: Foul Ball, location: 2F
1-2: Foul Ball, location: 2F
1-2: Ball
2-2: SINGLE (Groundball, 56D, EV 96.9 MPH)
Batting: RHB Michael McDonald 0-0: Ball
Manny Molina steals 2nd base (no throw)
1-0: Called Strike
Manny Molina steals 3rd base
1-1: Ball
2-1: Ball
3-1: Foul Ball, location: 2F
3-2: Base on Balls
Batting: LHB Kuemon Shishido 0-0: Ball
1-0: Called Strike
1-1: Ball
2-1: Fly out, F7 (Flyball, 78D, EV 96.9 MPH)
Runner from 3rd tags up, SCORES, throw by LF
Batting: RHB Leo Gonzalez 0-0: Ball
Michael McDonald is caught stealing 2nd base 2-4
1-0: Swinging Strike
1-1: SINGLE (Line Drive, 89M, EV 110.6 MPH)
Batting: RHB David Nardone 0-0: Ground out 4-3 (Groundball, 4, EV 89.4 MPH)
Bottom of the 3rd over - 1 run, 2 hits, 0 errors, 1 left on base; Mahoning Valley 2 - Minnesota (NYP) 2
TOP OF THE 4TH
Mahoning Valley Scrappers batting - Pitching for Minnesota (NYP) Twins : RHP Ruben Requena
Batting: RHB Luis Roman 0-0: Ball
1-0: Called Strike
1-1: Ball
2-1: Swinging Strike
2-2: Strikes out swinging
Batting: LHB Esteban Cordova 0-0: Ball
1-0: Swinging Strike
1-1: Called Strike
1-2: Ball
2-2: Foul Ball, location: 2F
2-2: Foul Ball, location: 2F
2-2: Ground out U3 (Groundball, 3S, EV 78.1 MPH)
Batting: RHB Tsega Haida 0-0: Ball
1-0: Fly out, F8 (Flyball, 8LS, EV 85.6 MPH)
Top of the 4th over - 0 runs, 0 hits, 0 errors, 0 left on base; Mahoning Valley 2 - Minnesota (NYP) 2
BOTTOM OF THE 4TH
Minnesota (NYP) Twins batting - Pitching for Mahoning Valley Scrappers : RHP Jose Esteban
Batting: RHB Nick Phipps 0-0: Ball
1-0: Called Strike
1-1: Swinging Strike
1-2: Ball
2-2: Ground out 5-3 (Groundball, 56S, EV 71.2 MPH)
Batting: RHB Dave Berry 0-0: Ball
1-0: Ground out 6-3 (Groundball, 6M, EV 101.9 MPH)
Batting: RHB Antonio Santos 0-0: Called Strike
0-1: Ball
1-1: Ball
2-1: Swinging Strike
2-2: Ball
3-2: Base on Balls
Batting: RHB John Dew 0-0: Ball
1-0: Swinging Strike
1-1: Ball
2-1: Ball
3-1: Base on Balls
Antonio Santos to second
Batting: SHB Manny Molina 0-0: Reached on error, E5 (Groundball, 5L, EV 88.8 MPH)
Antonio Santos to third
John Dew to second
Pitching: RHP Mario del Rio
Batting: RHB Michael McDonald 0-0: Ball
1-0: Ball
2-0: Foul Ball, location: 2F
2-1: Foul Ball, location: 2F
2-2: Ball
3-2: Foul Ball, location: 2F
3-2: Foul Ball, location: 2F
3-2: Foul Ball, location: 2F
3-2: Foul Ball, location: 2F
3-2: Foul Ball, location: 2F
3-2: Base on Balls
Antonio Santos scores
John Dew to third
Manny Molina to second
Batting: LHB Kuemon Shishido 0-0: Swinging Strike
0-1: Ground out 6-3 (Groundball, 6S, EV 87.5 MPH)
Bottom of the 4th over - 1 run, 0 hits, 1 error, 3 left on base; Mahoning Valley 2 - Minnesota (NYP) 3
TOP OF THE 5TH
Mahoning Valley Scrappers batting - Pitching for Minnesota (NYP) Twins : RHP Ruben Requena
Batting: RHB Carlos Munos 0-0: Foul Ball, location: 2F
0-1: Swinging Strike
0-2: Ball
1-2: Foul Ball, location: 2F
1-2: Strikes out swinging
Batting: SHB Darius Vinson 0-0: Fly out, F8 (Flyball, 8LD, EV 83.8 MPH)
Batting: RHB Reynaldo Herrera 0-0: DOUBLE (Line Drive, 9LM, EV 99.4 MPH)
Batting: RHB Andy Lewis 0-0: Ball
1-0: Called Strike
1-1: Called Strike
1-2: Ball
2-2: Strikes out looking
Top of the 5th over - 0 runs, 1 hit, 0 errors, 1 left on base; Mahoning Valley 2 - Minnesota (NYP) 3
BOTTOM OF THE 5TH
Minnesota (NYP) Twins batting - Pitching for Mahoning Valley Scrappers : RHP Mario del Rio
Batting: RHB Leo Gonzalez 0-0: Called Strike
0-1: Ball
1-1: Ball
2-1: Ground out 4-3 (Groundball, 4MD, EV 85.6 MPH)
Batting: RHB David Nardone 0-0: Ball
1-0: Ball
2-0: Called Strike
2-1: Ball
3-1: Foul Ball, location: 2F
3-2: Foul Ball, location: 2F
3-2: DOUBLE (Groundball, 3L, EV 94.4 MPH)
Batting: RHB Nick Phipps 0-0: Ball
1-0: Called Strike
1-1: Foul Ball, location: 2F
1-2: Ball
2-2: Ball
Wild Pitch!
David Nardone to third
3-2: DOUBLE (Line Drive, 89D, EV 103.1 MPH)
David Nardone scores
Batting: RHB Dave Berry 0-0: Called Strike
0-1: Foul Ball, location: 2F
0-2: Ball
1-2: Ball
2-2: Ball
3-2: Reached on error, E6 (Groundball, 6, EV 79.4 MPH)
Nick Phipps to third
Batting: RHB Antonio Santos 0-0: Fielders Choice at 2nd, 5-4 (Groundball, 56S, EV 88.8 MPH)
Nick Phipps scores
Batting: RHB John Dew Pickoff Throw to First - Out! 1-3 CS
Bottom of the 5th over - 2 runs, 2 hits, 1 error, 0 left on base; Mahoning Valley 2 - Minnesota (NYP) 5
TOP OF THE 6TH
Mahoning Valley Scrappers batting - Pitching for Minnesota (NYP) Twins : RHP Ruben Requena
Batting: RHB Harris Leroux 0-0: Ball
1-0: Called Strike
1-1: Called Strike
1-2: Foul Ball, location: 2F
1-2: Ball
2-2: Strikes out swinging
Batting: LHB Justin Rankin 0-0: Ball
1-0: Ball
2-0: Swinging Strike
2-1: Swinging Strike
2-2: Ball
3-2: Base on Balls
Batting: RHB Luis Roman 0-0: Ball
1-0: Foul Ball, location: 2F
1-1: Grounds into double play, 5-4-3 (Groundball, 56S, EV 80.6 MPH)
Top of the 6th over - 0 runs, 0 hits, 0 errors, 0 left on base; Mahoning Valley 2 - Minnesota (NYP) 5
BOTTOM OF THE 6TH
Minnesota (NYP) Twins batting - Pitching for Mahoning Valley Scrappers : RHP Mario del Rio
Batting: RHB John Dew 0-0: Swinging Strike
0-1: Ball
1-1: Ball
2-1: Foul Ball, location: 2F
2-2: Ball
3-2: Foul Ball, location: 2F
3-2: Foul Ball, location: 2F
3-2: Foul Ball, location: 2F
3-2: Foul Ball, location: 2F
3-2: Foul Ball, location: 2F
3-2: Base on Balls
Batting: SHB Manny Molina 0-0: Called Strike
0-1: Swinging Strike
0-2: Foul Ball, location: 2F
0-2: Ball
1-2: 2-RUN HOME RUN (Flyball, 89XD, EV 116.2 MPH), Distance : 444 ft
Pitching: RHP Brent Demby
Batting: RHB Michael McDonald 0-0: Swinging Strike
0-1: Ball
1-1: SOLO HOME RUN (Flyball, 78XD, EV 113.8 MPH), Distance : 441 ft
Batting: LHB Kuemon Shishido 0-0: Ball
1-0: Foul Ball, location: 2F
1-1: Ground out 4-3 (Groundball, 4M, EV 87.5 MPH)
Batting: RHB Leo Gonzalez 0-0: Ball
1-0: Foul Ball, location: 2F
1-1: Swinging Strike
1-2: Strikes out swinging
Batting: RHB David Nardone 0-0: Foul Ball, location: 2F
0-1: Ball
1-1: Foul Ball, location: 2F
1-2: Ground out 5-3 (Groundball, 56S, EV 81.2 MPH)
Bottom of the 6th over - 3 runs, 2 hits, 0 errors, 0 left on base; Mahoning Valley 2 - Minnesota (NYP) 8
TOP OF THE 7TH
Mahoning Valley Scrappers batting - Pitching for Minnesota (NYP) Twins : RHP Ruben Requena
Batting: LHB Esteban Cordova 0-0: Called Strike
0-1: Swinging Strike
0-2: Ball
1-2: Ball
2-2: Strikes out looking
Pitching: RHP Pat Adams
Batting: RHB Tsega Haida 0-0: Swinging Strike
0-1: Fly out, F8 (Flyball, 8RM, EV 86.9 MPH)
Batting: RHB Carlos Munos 0-0: Ball
1-0: Ground out 5-3 (Groundball, 56, EV 106.9 MPH)
Top of the 7th over - 0 runs, 0 hits, 0 errors, 0 left on base; Mahoning Valley 2 - Minnesota (NYP) 8
BOTTOM OF THE 7TH
Minnesota (NYP) Twins batting - Pitching for Mahoning Valley Scrappers : RHP Brent Demby
Batting: RHB Nick Phipps 0-0: Fly out, F8 (Line Drive, 8LM, EV 103.1 MPH)
Batting: RHB Dave Berry 0-0: Called Strike
0-1: Foul Ball, location: 2F
0-2: Strikes out swinging
Batting: RHB Antonio Santos 0-0: Called Strike
0-1: Fly out, F9 (Flyball, 9S, EV 83.1 MPH)
Bottom of the 7th over - 0 runs, 0 hits, 0 errors, 0 left on base; Mahoning Valley 2 - Minnesota (NYP) 8
TOP OF THE 8TH
Mahoning Valley Scrappers batting - Pitching for Minnesota (NYP) Twins : RHP Pat Adams
Batting: SHB Darius Vinson 0-0: Called Strike
0-1: Ball
1-1: Ball
2-1: DOUBLE (Line Drive, 3D, EV 110.0 MPH)
Batting: RHB Reynaldo Herrera 0-0: Called Strike
0-1: Ball
1-1: Ball
2-1: Ball
3-1: Base on Balls
Batting: RHB Andy Lewis 0-0: Called Strike
0-1: Called Strike
0-2: Ball
1-2: Ball
2-2: Foul Ball, location: 2F
2-2: Strikes out swinging
Batting: RHB Harris Leroux 0-0: Ball
1-0: Called Strike
1-1: Swinging Strike
1-2: Foul Ball, location: 2F
1-2: Foul Ball, location: 2F
1-2: Ball
2-2: Ball
3-2: Strikes out swinging
Batting: LHB Justin Rankin 0-0: Ball
1-0: Ball
2-0: Ground out U3 (Groundball, 3, EV 87.5 MPH)
Top of the 8th over - 0 runs, 1 hit, 0 errors, 2 left on base; Mahoning Valley 2 - Minnesota (NYP) 8
BOTTOM OF THE 8TH
Minnesota (NYP) Twins batting - Pitching for Mahoning Valley Scrappers : RHP Brent Demby
Batting: RHB John Dew 0-0: Foul Ball, location: 2F
0-1: Swinging Strike
0-2: Strikes out swinging
Batting: SHB Manny Molina 0-0: Ball
1-0: Called Strike
1-1: SINGLE (Groundball, P, EV 81.2 MPH) (infield hit)
Batting: RHB Michael McDonald 0-0: Called Strike
Manny Molina is caught stealing 2nd base 2-4
0-1: Swinging Strike
0-2: Ball
1-2: Ground out 3-1 (Groundball, 3D, EV 88.1 MPH)
Bottom of the 8th over - 0 runs, 1 hit, 0 errors, 0 left on base; Mahoning Valley 2 - Minnesota (NYP) 8
TOP OF THE 9TH
Mahoning Valley Scrappers batting - Pitching for Minnesota (NYP) Twins : RHP Pat Adams
Batting: RHB Luis Roman 0-0: Swinging Strike
0-1: Foul Ball, location: 2F
0-2: Foul Ball, location: 2F
0-2: Ball
1-2: Ball
2-2: Strikes out swinging
Batting: LHB Esteban Cordova 0-0: Ball
1-0: Ball
2-0: Called Strike
2-1: Foul Ball, location: 2F
2-2: Strikes out swinging
Batting: RHB Tsega Haida 0-0: Called Strike
0-1: Swinging Strike
0-2: Strikes out swinging
Top of the 9th over - 0 runs, 0 hits, 0 errors, 0 left on base; Mahoning Valley 2 - Minnesota (NYP) 8
Tuesday, September 13th , 2022 - OOTP Baseball 23.7 Build 88